[Event "4NCL 2022-2023"]
[Site "Daventry"]
[Date "2023.03.18"]
[Round "7.46"]
[White "Bourached, Anthony"]
[Black "Webb, Laurence E"]
[Result "0-1"]
[ECO "B13"]
[WhiteElo "2043"]
[BlackElo "2156"]
[Annotator "TA"]
[PlyCount "90"]
[EventDate "2022.10.20"]
[EventType "team-tourn"]
[EventCountry "ENG"]
[SourceTitle "playchess.com"]
[Source "ChessBase"]
[SourceQuality "1"]
[TimeControl "40/6000+30:2400+30"]

1. d4 Nf6 2. Nc3 d5 3. Bf4 c5 4. e3 cxd4 5. exd4 a6 6. Bd3 {[%emt 0:00:26] B13: Caro-Kann: Exchange Variation and Panov-Botvinnik Attack.} Nc6 7. Nce2 Nb4 $1 {[%emt 0:02:17][%mdl 4] outshines the older 7...Bg4.} 8. Nf3 {[%emt 0:00:25] The position is equal.} e6 9. O-O Bd7 {[%emt 0:00:29] [#]} 10. Ne5 $146 ({Predecessor:} 10. b3 Be7 11. c4 Nxd3 12. Qxd3 dxc4 13. bxc4 O-O 14. Rab1 Bc6 15. Ng3 {1-0 Sauer,H (1726)-Lahn,H (1522) GER-ch Seniors 65 2018 (5)}) 10... Be7 11. c3 Nxd3 12. Qxd3 O-O 13. Rfe1 b5 14. a3 a5 15. b4 Ne4 16. Ng3 Nd6 17. Nh5 Be8 {[%emt 0:03:41] Strongly threatening ...f6.} 18. Qf3 ({But not} 18. Qg3 g6 19. bxa5 Kh8 20. Nxf7+ (20. Bh6 $2 Nf5 $19) 20... Rxf7 21. Rxe6 Nf5 $17) 18... f6 19. Nd3 {[%emt 0:00:29] Excellent horsemanship.} Ne4 20. Nc5 Bxc5 21. bxc5 {[%emt 0:00:29] [#]} e5 $1 22. Bc1 Qd7 (22... Bxh5 {seems wilder.} 23. Qxh5 Nxc3 24. dxe5 fxe5 25. Qxe5 d4) 23. Ng3 Bg6 24. Nxe4 (24. h4 $5 ) 24... Bxe4 25. Qg3 exd4 26. cxd4 b4 27. axb4 axb4 28. Bd2 Qb5 {[%emt 0:13:16] aiming for ...Rxa1.} 29. Qb3 {[%emt 0:01:17][%csl LRb4,LRe4] Rxa8 would be deadly.} Rxa1 30. Rxa1 Rb8 31. f3 Qd3 32. Qxd3 (32. Qb2 $5 Bf5 33. Bf4 $11 {[%mdl 64] Deflection} (33. Bxb4 Qc4 $17)) 32... Bxd3 $11 {[%emt 0:01:09][%mdl 4096] Endgame KRB-KRB} 33. Ra2 $2 (33. Bf4 $15) 33... b3 $19 34. Rb2 Bc4 (34... Bc2 $19 {has better winning chances.} 35. Kf2 Ra8) 35. Bc3 $17 Kf7 36. Kf2 Ke6 {[%emt 0:00:48] Hoping for ...Bd3.} 37. Kg3 $2 {[%emt 0:02:37] [#]} (37. Rb1 $15) 37... Kd7 $2 (37... Bd3 $1 $19 {And now ...Bc2 would win.} 38. Kf4 Kd7) 38. Kf2 $2 {[%emt 0:00:39] [#]} (38. Rd2 $17) 38... Bd3 $1 $19 39. Ke3 (39. Rd2 $142 Bc2 40. Bb2) 39... Bc2 40. Be1 Kc6 41. Kd2 Ra8 {[%emt 0:41:01] Black is clearly winning.} 42. Ke3 Ra1 43. Kf2 (43. Bc3 $142 Rd1 44. Bd2) 43... Rd1 44. Ke2 Rxd4 {[%emt 0:00:00] ...Ra4 is the strong threat.} 45. Bf2 Ra4 {[%emt 0:00:00] Weighted Error Value: White=0.68/Black=0.14 (very precise)} 0-1

[Event "4NCL 2022-2023"]
[Site "Daventry"]
[Date "2023.03.18"]
[Round "7.47"]
[White "Ledger, Dave J"]
[Black "Murray, David"]
[Result "1-0"]
[ECO "B48"]
[WhiteElo "2168"]
[BlackElo "2120"]
[Annotator "TA"]
[PlyCount "237"]
[EventDate "2022.10.20"]
[EventType "team-tourn"]
[EventCountry "ENG"]
[SourceTitle "playchess.com"]
[Source "ChessBase"]
[SourceQuality "1"]
[TimeControl "40/6000+30:2400+30"]

1. e4 c5 2. Nf3 e6 3. d4 cxd4 4. Nxd4 Nc6 5. Nc3 Qc7 6. Be3 a6 7. Qf3 {[%emt 0:03:26] 7.g4 is a critical line. B48: Sicilian: Taimanov: 5 Nc3 Qc7 6 Be3 a6 without Be2.} Nf6 8. Qg3 (8. O-O-O $14) 8... Qxg3 $1 $15 9. hxg3 {[%emt 0:00:08] Black has an edge.} Bb4 {[%emt 0:00:16] [#]} (9... Ng4 $1 $15) 10. Rh4 $146 ({Predecessor:} 10. f3 d5 11. Nxc6 bxc6 12. e5 Nd7 13. f4 Rb8 14. a3 Bc5 15. Bxc5 Nxc5 16. b4 {½-½ Erigaisi,A (2559)-Nagy,G (2495) Titled Arena 2nd Jan blitz 2021}) 10... e5 11. Nxc6 dxc6 12. O-O-O Be6 13. Na4 Nd7 {[%emt 0:03:29] Prevents Nc5.} (13... Bxa2 $5 14. Nc5 Bxc5 15. Bxc5 Be6 $11) 14. a3 Be7 15. Rh1 b5 16. Nc3 (16. Nb6 $5 Rd8 17. Nxd7 Rxd7 18. Be2 $11) 16... a5 17. f3 b4 18. Nb1 (18. Na4 $1 $11) 18... O-O (18... Nc5 $1 $17) 19. Be2 (19. Bc4 $11 {keeps the balance.} Bxc4 20. Rxd7) 19... Rfd8 (19... Nc5 $1 $17 20. a4 Nxa4) 20. Rd3 (20. a4 $11) 20... c5 21. c3 Bb3 {[%emt 0:04:32] Against Rhd1} ({Black should try} 21... Rdb8 $17 {And now ...c4 would win.} 22. Rdd1 Nb6) 22. cxb4 $11 c4 23. Rd5 axb4 24. axb4 Bxb4 25. Bd1 Rac8 26. Nc3 Nc5 27. Bxc5 Rxd5 $2 (27... Bxc5 $11 {and Black stays safe.} 28. Rxe5 Bf2) 28. Bxb4 $18 Rdd8 29. Bxb3 (29. g4 $18 {has better winning chances.}) 29... cxb3 $16 30. Rd1 {[%emt 0:00:39] aiming for Rxd8+.} Rd4 31. Ba3 f6 32. Rd2 Kf7 33. Kd1 Rxd2+ 34. Kxd2 Ke6 35. g4 g6 36. Ke3 h5 37. gxh5 gxh5 38. g3 Rg8 39. Ne2 Rc8 40. Nc3 Rg8 41. Kf2 $1 Rd8 ({Better is} 41... Rc8) 42. Ne2 (42. Nd5 $142) 42... Rc8 43. Ke3 Rg8 44. Bb4 Rc8 45. Bc3 Rg8 46. Kd3 Rc8 $2 (46... Rd8+ $16 47. Ke3 Rg8) 47. Nc1 $1 $18 Rd8+ 48. Ke2 Rg8 49. Kf2 (49. Nxb3 Rxg3 50. Nc5+ Kf7 $11) 49... Rb8 50. Nd3 {[%emt 0:00:33] Hoping for f4.} Rc8 51. f4 exf4 (51... f5 {was called for.} 52. exf5+ (52. Bxe5 fxe4 53. Ne1 Rc2+ 54. Ke3 Rh2 $11) (52. Nxe5 $2 Rxc3 {[%mdl 64] Promotion} 53. bxc3 b2 $19) (52. fxe5 fxe4 53. Nf4+ Kf5 $16) 52... Kxf5 53. fxe5 (53. Bxe5 Ke4 $16) 53... Rc7) 52. Nxf4+ Kf7 {[%emt 0:00:53][%cal Oc8c3] Threatens to win with ...Rxc3!} 53. Nd5 (53. Nxh5 Rxc3 54. Ke1 (54. bxc3 $2 {is the wrong capture.} b2 $19) 54... Rc1+ 55. Kd2 Rc2+ 56. Kd1 Rxb2 $19) (53. Bd4 $18 {is more deadly.}) 53... f5 $16 54. Ke3 ({Inferior is} 54. exf5 Rc5 55. Kf3 Rxd5 $17) 54... fxe4 55. Kxe4 {[%emt 0:00:05] Strongly threatening Be5.} Rg8 $2 {[%emt 0:04:59] [#]} (55... Rc4+ $16 56. Kd3 h4) 56. Kf3 $2 (56. Be5 $1 $18 {and the rest is easy.}) 56... Rc8 57. Ke4 $2 (57. Be5 $16) 57... Rg8 $1 $18 {[%emt 0:00:10] [#]} 58. Be5 $1 h4 $2 (58... Rg5 59. Nc3 Ke6) 59. gxh4 Rg4+ 60. Nf4 Rxh4 61. Kd5 Rg4 62. Kc4 Rg3 63. Nd3 Re3 64. Bd4 Rh3 65. Nc5 Ke7 66. Nxb3 Kd6 67. Nc5 Rh1 68. b4 Rc1+ 69. Kb5 Rb1 70. Ka5 $2 (70. Nb7+ $18 Kd5 71. Bc5) 70... Kc6 $2 (70... Kd5 $14) 71. Na4 Rb3 72. Bb2 Kc7 73. b5 {[%emt 0:00:26] White wants to mate with Be5+.} Kb8 (73... Re3 $18 74. Ka6 Re8) 74. Ka6 Kc8 75. Nb6+ Kd8 76. Bf6+ Kc7 77. Be5+ Kd8 78. Nc4 Rb4 79. Na5 Kd7 80. b6 Ke6 81. Bg3 Kf5 82. b7 Ke4 83. b8=Q Rxb8 84. Bxb8 Kd5 85. Kb5 Kd4 86. Kc6 Ke4 87. Kc5 Kd3 88. Nc4 Ke4 89. Be5 Kf5 90. Kd5 Kg4 91. Ke4 Kh3 92. Ne3 Kh4 93. Kf4 Kh3 94. Bf6 Kh2 95. Kg4 Kg1 96. Kg3 Kh1 97. Ng4 Kg1 98. Nf2 Kf1 99. Kf3 Kg1 100. Be5 Kf1 101. Bh2 Ke1 102. Ne4 {[%emt 0:00:29] White mates.} Kd1 103. Ke3 Kc2 104. Nd2 Kb2 105. Bd6 Kc3 106. Be7 Kc2 107. Bf6 Kd1 108. Kd3 Ke1 109. Bh4+ Kd1 110. Bg3 Kc1 111. Nc4 Kd1 112. Nb2+ Kc1 113. Kc3 Kb1 114. Kb3 Kc1 115. Bf4+ Kb1 116. Nc4 Ka1 117. Be3 Kb1 118. Na3+ Ka1 119. Bd4# {[%emt 0:00:03] Weighted Error Value: White=0.39/Black=0.34} 1-0

[Event "4NCL 2022-2023"]
[Site "Daventry"]
[Date "2023.03.18"]
[Round "7.48"]
[White "Putar, Lara"]
[Black "Varney, Zoe"]
[Result "0-1"]
[ECO "D11"]
[WhiteElo "1857"]
[BlackElo "1937"]
[Annotator "TA"]
[PlyCount "72"]
[EventDate "2022.10.20"]
[EventType "team-tourn"]
[EventCountry "ENG"]
[SourceTitle "playchess.com"]
[Source "ChessBase"]
[SourceQuality "1"]
[TimeControl "40/6000+30:2400+30"]

1. d4 d5 2. c4 c6 3. Nf3 Nf6 4. g3 dxc4 5. Bg2 b5 6. a4 {[%emt 0:01:04] D11: Slav Defence: 3 Nf3 sidelines and 3...Nf6 4 e3 Bg4.} Bb7 7. O-O a6 8. b3 {[%emt 0:21:25] White has an edge.} cxb3 9. Qxb3 (9. Nbd2 $5 ) 9... e6 $1 10. Nbd2 Nbd7 11. e4 Be7 {[%emt 0:14:29] [#]} 12. Ba3 $146 ({Predecessor:} 12. e5 Nd5 13. Ne4 O-O 14. Bg5 c5 15. dxc5 Bxg5 16. Nexg5 Nxe5 17. Nxe5 Qxg5 18. c6 {½-½ Kravtsov,S (2404)-Deviatkin,A (2567) RUS-ch Higher League 61st 2008 (1)}) 12... O-O 13. Bxe7 Qxe7 14. e5 Nd5 15. Ne4 b4 (15... c5 $5 16. axb5 cxd4 $15) 16. Rfc1 Rab8 17. a5 {[%emt 0:09:40] [#]} (17. Qb2 $15) 17... Rfd8 ({Black should play} 17... c5 $1 $17 {[%cal Rc5d4] Strongly threatening ...cxd4.} 18. dxc5 Rfc8) 18. Rc2 {[%emt 0:03:23] [#]} (18. Qb2 $11) 18... c5 $1 19. dxc5 {[%emt 0:02:10] c6 is the strong threat.} Rdc8 20. Rac1 {[%emt 0:08:09] Black must now prevent c6.} Nc3 $1 21. Nd6 (21. Nxc3 $11 bxc3 22. Qxc3) 21... Rxc5 $19 22. Nxb7 Rxb7 23. Rxc3 Rxc3 24. Rxc3 Nc5 25. Rxc5 Qxc5 26. Ne1 $2 {[%emt 0:01:41] Now White is beyond hope.} (26. Bf1 $17) 26... Rd7 27. Bf3 $2 (27. Bf1 Qxa5 28. Nd3) 27... Qxa5 28. Nd3 $2 (28. Be2) 28... Qa3 {[%emt 0:00:39] Black is clearly winning.} 29. Qxa3 bxa3 30. Nc1 Rd2 {[%emt 0:02:31] ...Rc2 would be deadly.} 31. Kf1 a2 32. Nxa2 Rxa2 33. Ke1 a5 {[%emt 0:00:00][%cal Ba6a5,Ba5a4,Ba4a3][%mdl 32] Threatens to win with ...a4.} 34. Be2 a4 35. f4 a3 {[%emt 0:00:00][%cal Oa2e2] ( -> ...Rxe2+!)} 36. Bc4 Rb2 {[%emt 0:00:00] Weighted Error Value: White=1.20/Black=0.53} 0-1

[Event "4NCL 2022-2023"]
[Site "Daventry"]
[Date "2023.03.19"]
[Round "8.1"]
[White "Alonso Rosell, Alvar"]
[Black "Speelman, Jon S"]
[Result "1/2-1/2"]
[ECO "E06"]
[WhiteElo "2567"]
[BlackElo "2500"]
[Annotator "TA"]
[PlyCount "113"]
[EventDate "2022.10.20"]
[EventType "team-tourn"]
[EventCountry "ENG"]
[SourceTitle "playchess.com"]
[Source "ChessBase"]
[SourceQuality "1"]
[TimeControl "40/6000+30:2400+30"]

1. d4 Nf6 2. c4 e6 3. Nf3 d5 4. g3 Be7 5. Bg2 O-O 6. Nc3 dxc4 7. Ne5 Nc6 8. Bxc6 bxc6 9. Nxc6 Qe8 10. Nxe7+ Qxe7 11. Qa4 c5 {[%emt 0:06:17] Black is weak on the dark squares} 12. dxc5 {[%emt 0:05:36] E06: Closed Catalan: Early deviations.} Qxc5 13. Be3 Qc7 14. f3 Nd5 15. Bd4 Bb7 16. O-O-O {[%emt 0:14:37] [#]} Rfc8 $146 ({Predecessor:} 16... Rfd8 17. Kb1 Nxc3+ 18. Bxc3 Qc5 19. Rxd8+ Rxd8 20. Rd1 Rxd1+ 21. Qxd1 Qd5 22. Qxd5 Bxd5 {½-½ Navara,D (2717)-Karthikeyan,M (2606) Gibraltar Masters 18th 2020 (8)}) 17. e4 (17. Bxa7 $2 Bc6 18. Qc2 Qxa7 $19) 17... Nxc3 18. Bxc3 Qc5 19. Rd4 {[%emt 0:14:28] Active counter play!} a5 20. f4 h6 21. Rhd1 Qh5 22. R1d2 ({But not} 22. Rxc4 Qxh2 23. Rxc8+ Rxc8 $15) 22... Bc6 23. Qd1 ({Of course not} 23. Qxc4 Bxe4 24. Qe2 Bf3 $11) 23... Qxd1+ 24. Kxd1 a4 25. a3 Bb7 26. Ke2 e5 27. fxe5 Re8 28. Kf2 (28. Rxc4 $2 {too greedy.} Ba6 29. Rd6 Bxc4+ $19) 28... Rac8 29. Rd7 Bxe4 30. R2d6 Bf5 {[%emt 0:01:01] Against e6} 31. Rb7 (31. Ra7 $5 ) 31... Ra8 32. Ke3 Be6 33. h4 h5 34. Kf4 Bg4 35. Rb4 Rec8 36. Rb7 Re8 37. Rbb6 Rec8 38. Ra6 Rxa6 39. Rxa6 $11 {[%emt 0:00:02][%mdl 4096] Endgame KRB-KRB} Bd1 $1 40. Rd6 Bg4 41. Kg5 Rc7 42. Kf4 Kh7 (42... Rc8 $11 {should be considered.}) 43. Ke3 Ra7 44. Kd4 Be6 45. Kc5 Kg6 46. Kb6 Ra8 47. Kb5 Kf5 48. Rd4 Kg6 49. Rf4 Ra7 50. Bd4 Ra8 51. Bc5 Rb8+ 52. Bb6 $1 Bd7+ 53. Ka6 Bc8+ 54. Ka5 Ra8+ 55. Kb5 Be6 56. Kc6 Rb8 57. Kb5 {[%emt 0:00:00] Weighted Error Value: White=0.10 (very precise) /Black=0.07 (flawless)} 1/2-1/2

[Event "4NCL 2022-2023"]
[Site "Daventry"]
[Date "2023.03.19"]
[Round "8.2"]
[White "McDonald, Neil"]
[Black "Pert, Nicholas"]
[Result "1-0"]
[ECO "B32"]
[WhiteElo "2408"]
[BlackElo "2544"]
[Annotator "TA"]
[PlyCount "71"]
[EventDate "2022.10.20"]
[EventType "team-tourn"]
[EventCountry "ENG"]
[SourceTitle "playchess.com"]
[Source "ChessBase"]
[SourceQuality "1"]
[TimeControl "40/6000+30:2400+30"]

1. e4 c5 2. Nf3 Nc6 3. d4 cxd4 4. Nxd4 e5 5. Nb5 d6 6. N1c3 a6 7. Na3 Be6 {[%emt 0:00:38] is the new trend.} 8. Nc4 Rb8 {[%emt 0:00:36] B32: Sicilian: Löwenthal and Kalashnikov Variations.} 9. Ne3 Nf6 10. g3 h5 {[%emt 0:02:01] The position is equal.} 11. Bg2 h4 12. O-O Nd4 13. Ncd5 Nxd5 14. exd5 Bd7 15. g4 $1 {[%emt 0:08:39] Prevents Nf5.} h3 {[%emt 0:16:14] [#]} 16. Be4 $146 ({Predecessor:} 16. Bh1 g6 17. c3 Nf5 18. gxf5 gxf5 19. Bf3 Qh4 20. Kh1 Bh6 21. b3 Bf4 22. Nc4 {1-0 Leko,P (2670)-Jumabayev,R (2630) FIDE Chess.com Grand Swiss 2019 (10)}) 16... g6 17. c3 Nb5 18. a4 Na7 (18... Nc7 $142) 19. f4 $16 exf4 20. Qd4 (20. Rxf4 Bg7 $16) 20... Rh7 {[%emt 0:19:55] [#]} (20... fxe3 $16 {was necessary.} 21. Qxh8 e2) 21. Nc4 $1 $18 (21. Rxf4 $6 Nc8 $16) (21. Qxa7 fxe3 22. Qxe3 Be7 $16) 21... b5 $2 (21... Nc8 22. Bxf4 (22. Rxf4 b5 $14) 22... Bxg4 23. Bxg6 (23. Bf3 Bxf3 24. Rxf3 Be7 $14) 23... fxg6) 22. axb5 $2 (22. Qxa7 bxc4 23. Qxa6 f5 $15) (22. Bxg6 fxg6 23. Bxf4 (23. Qxf4 Qe7 $18) 23... bxc4 $18) (22. Bxf4 $18 {and White stays clearly on top.} bxc4 23. Rae1) 22... Nxb5 $16 23. Qd3 f5 (23... Bxg4 $16 {was worth a try.} 24. Bxf4 (24. Bxg6 Rg7 $17) 24... f5) 24. Bf3 $2 (24. gxf5 Qg5+ 25. Kh1 Bxf5 $14) (24. Bxf4 $1 $18 Qf6 25. Qe3) 24... g5 25. Rxa6 ({Better is} 25. gxf5 $16 {Strongly threatening f6.} Qf6 26. Bh5+ {[%mdl 64] Discovered Attack, Decoy} (26. Rxa6 Bxf5 27. Be4 Rf7 $16) (26. Bg4 Nc7 $11) 26... Rxh5 27. Qe2+ Kd8 28. Qxh5) 25... Qf6 (25... Qc8 26. Rc6 Bxc6 27. dxc6 $14) (25... Kf7 $1 $11) 26. Nb6 {[%emt 0:03:24] Chess con chili. White is more active.} ({White should play} 26. Rb6 Qd8 27. Rxb8 Qxb8 28. gxf5) 26... Nc7 {[%emt 0:01:13] ...Bb5 is the strong threat.} 27. Nxd7 Rxd7 28. Ra7 (28. Qxf5 $2 Qxf5 29. gxf5 Nxa6 $19) 28... Re7 29. gxf5 ({Resist} 29. Qxf5 Qxf5 30. gxf5 Nxd5 31. Rxe7+ Nxe7 $11) 29... Nxd5 $2 {[%emt 0:00:58][%mdl 8192] This costs Black the game.} 30. Ra6 (30. Qa6 Nb6 $16) 30... Nb6 {[%emt 0:00:03] [#]} 31. Qb5+ $1 Nd7 (31... Kf7 $142 32. Rxb6 Rxb6 33. Qxb6 Qxf5 34. Qxd6 Rd7) 32. Bh5+ $18 Rf7 33. Qd5 {[%emt 0:07:55][%mdl 64] aiming for Re1+. Pin} ({Not} 33. Bxf7+ Qxf7 34. Re1+ Be7 $18) 33... Ne5 34. Re1 {[%emt 0:05:19] Rxe5+ would kill now.} ({Weaker is} 34. Bxf7+ Qxf7 35. Qe4 Qb7 36. Qxb7 Rxb7 $14) 34... Kd8 35. Bxf7 Qxf5 36. Rxd6+ {[%emt 0:02:09] Weighted Error Value: White=0.53/Black=0.68} 1-0

[Event "4NCL 2022-2023"]
[Site "Daventry"]
[Date "2023.03.19"]
[Round "8.3"]
[White "Pert, Richard G"]
[Black "Greet, Andrew N"]
[Result "1/2-1/2"]
[ECO "C07"]
[WhiteElo "2411"]
[BlackElo "2408"]
[Annotator "TA"]
[PlyCount "115"]
[EventDate "2022.10.20"]
[EventType "team-tourn"]
[EventCountry "ENG"]
[SourceTitle "playchess.com"]
[Source "ChessBase"]
[SourceQuality "1"]
[TimeControl "40/6000+30:2400+30"]

1. d4 e6 2. e4 d5 3. Nd2 c5 4. Ngf3 cxd4 5. exd5 Qxd5 6. Bc4 Qd6 7. Ne4 {[%emt 0:00:40][%mdl 1024] Dodges Nf6. White has compensation. C07: French Tarrasch: 3...c5, 4 Ngf3 and 4 exd5 Qxd5.} (7. O-O $5 ) 7... Qb4+ 8. Nfd2 Nd7 (8... Nc6 $142) 9. c3 {[%emt 0:05:47] [#]} (9. O-O $11) 9... Qa5 $146 ({Better is} 9... dxc3 $15 10. bxc3 Qa5) ({Predecessor:} 9... dxc3 10. bxc3 Qa5 11. O-O Ngf6 12. Rb1 a6 13. Re1 Be7 14. Bxe6 fxe6 15. Nc4 Qd5 16. Nxf6+ Nxf6 {0-1 Adhiban,B (2654)-Grischuk,A (2777) Wch Blitz Moscow 2019 (4)}) 10. O-O (10. Nb3 $5 Qe5 11. Qxd4 $11 (11. cxd4 $2 {loses.} Qxe4+ 12. Kf1 Ngf6 $19)) 10... Ngf6 11. cxd4 Be7 12. Nb3 Qc7 13. Bd3 Nxe4 14. Bxe4 Nf6 15. Bf3 Bd6 16. h3 O-O 17. Bg5 Bf4 18. Bxf6 gxf6 19. g3 Bh6 20. Bg2 a5 21. Qh5 Bg7 22. Rac1 Qb6 23. d5 f5 24. Rfd1 Rd8 25. Nc5 e5 $1 {[%emt 0:08:56] [#] Black is weak on the light squares} 26. d6 $1 {[%emt 0:04:37][%mdl 64] Deflection} Rxd6 27. Rxd6 Qxd6 28. Nxb7 Qh6 29. Qxh6 Bxh6 30. Rc5 {[%emt 0:00:53][%csl LRa5,LRe5] aiming for Nd6.} Bxb7 31. Bxb7 $11 {[%emt 0:00:10][%mdl 4096] Endgame KRB-KRB} Ra7 32. Bc8 f4 33. Rxe5 {[%emt 0:01:31] White is more active.} fxg3 34. fxg3 Rc7 35. Bf5 Rc5 {[%emt 0:00:51][%mdl 64] [#] Decoy} 36. Rxc5 ({Don't go for} 36. Bxh7+ $2 Kxh7 37. Rxc5 Be3+ 38. Kh2 Bxc5 $19) 36... Be3+ 37. Kf1 Bxc5 $14 {[%emt 0:00:06] KB-KB} 38. Ke2 Bd4 39. b3 h5 40. Kd3 Bf2 41. g4 hxg4 42. hxg4 Kf8 43. Kc4 Ke7 44. Kb5 Be1 45. a3 Kd6 46. Bc2 f6 47. b4 axb4 48. axb4 Kc7 49. Kc5 Bf2+ 50. Kd5 Be1 51. b5 Kb6 52. Bd3 Bh4 53. Ke6 Bg5 54. Kf5 Kc5 55. Bf1 Kb6 56. Bd3 Kc5 57. Bf1 Kb6 58. Bd3 {[%emt 0:12:53] Weighted Error Value: White=0.07 (flawless) /Black=0.06 (flawless)} 1/2-1/2

[Event "4NCL 2022-2023"]
[Site "Daventry"]
[Date "2023.03.19"]
[Round "8.4"]
[White "Harvey, Marcus R"]
[Black "Kirk, Ezra"]
[Result "0-1"]
[ECO "A15"]
[WhiteElo "2471"]
[BlackElo "2427"]
[Annotator "TA"]
[PlyCount "142"]
[EventDate "2022.10.20"]
[EventType "team-tourn"]
[EventCountry "ENG"]
[SourceTitle "playchess.com"]
[Source "ChessBase"]
[SourceQuality "1"]
[TimeControl "40/6000+30:2400+30"]

1. c4 Nf6 2. Nf3 g6 3. b3 Bg7 4. Bb2 O-O 5. g3 b6 6. Bg2 {[%emt 0:00:04] A15: English Opening: 1...Nf6.} Bb7 7. d4 e6 8. O-O {[%emt 0:00:08] The position is equal.} Ne4 9. Qc2 f5 10. Rd1 {[%emt 0:01:37] [#]} d6 $146 ({Predecessor:} 10... Qe7 11. Ne1 Nc6 12. a3 e5 13. dxe5 Nxe5 14. Nd3 Ng4 15. Re1 f4 16. Bf3 fxg3 17. hxg3 Nxg3 18. Bxb7 Qh4 19. Bd5+ Kh8 20. Bxg7+ Kxg7 21. Qc3+ Kh6 {0-1 Kurajica,B (2512)-Bukal,V (2381) CRO-chT1A 29th 2021 (5.1)}) 11. Nfd2 d5 12. Nc3 Nd7 (12... Bxd4 $2 13. Ndxe4 dxe4 14. e3 $18) 13. Rac1 c6 14. e3 g5 15. f3 Nxd2 16. Qxd2 Qe7 17. e4 {[%emt 0:09:09] Threatens to win with cxd5.} dxe4 18. fxe4 f4 19. gxf4 gxf4 20. Kh1 Rad8 21. Qf2 c5 22. d5 Bd4 23. Rxd4 cxd4 24. Qxd4 {[%emt 0:01:58] aiming for dxe6.} (24. Nb5 $5 e5 25. Rg1 $14) 24... e5 $36 {[%emt 0:02:34][%mdl 2048] White is under pressure.} 25. Qf2 Nf6 (25... Rf7 $11 {is more appropriate.}) 26. Bf3 Bc8 27. c5 bxc5 28. Ba3 (28. Na4 $11 Rf7 29. Nxc5) 28... Rf7 $1 $17 (28... Bg4 29. Rg1 (29. Bxc5 $2 Bxf3+ 30. Kg1 Qg7+ 31. Kf1 Nxe4 $19) 29... h5 30. Bxc5 $14 (30. Qxc5 Qxc5 31. Bxc5 Rc8 $17)) 29. Bxc5 Qd7 30. Qh4 {[%emt 0:00:18] Hoping for Qg5+.} Qh3 31. Rg1+ (31. Qxh3 $15 Bxh3 32. Nb5) 31... Rg7 {[%emt 0:04:13] Some like it hot} 32. Qxh3 (32. Qxf6 $2 Qxf3+) 32... Bxh3 33. Be7 {[%emt 0:08:46] [#]} (33. Nb5 $17 {was necessary.}) 33... Bg4 $1 $19 34. Bxg4 (34. Bxd8 Bxf3+) (34. Rxg4 $2 Nxg4 35. Bxg4 Rxe7 $19) 34... Rxe7 35. Bf5+ Kh8 36. Nb5 Ne8 37. Be6 Rg7 {[%emt 0:01:16] Wards off Rg8+} 38. Nxa7 {[%emt 0:04:32] [#]} Ra8 $1 39. Nc6 Rxa2 40. Nxe5 Rxg1+ 41. Kxg1 {[%emt 0:40:20][%mdl 4096] Endgame KRN-KBN} Nd6 42. Nd3 Nxe4 43. Nxf4 Rb2 {[%emt 0:00:45] Black is more active.} 44. Bf5 (44. Nh5 $17) 44... Nd6 45. Bd3 Rxb3 46. Kf2 Rb2+ 47. Kg3 h6 48. h3 Kg7 49. Be2 (49. Nh5+ $17 Kf7 50. Kf4) 49... Kf6 {[%emt 0:00:55] ...Nf5+ would be deadly.} 50. Bg4 Rb3+ 51. Kh4 {[%emt 0:00:00] [#]} Rb4 $1 52. Ne6 Nf7 53. Kh5 Re4 54. Nc7 $2 (54. Kh4 $17 {is a better defense.}) 54... Re5+ 55. Kh4 Nd6 {[%emt 0:00:26] And now ...Rg5 would win.} 56. Kg3 Re4 57. Ne6 Nf5+ 58. Kf3 Ke5 59. Nc5 (59. Kg2 $142) 59... Re3+ ({Avoid the trap} 59... Rf4+ $2 60. Ke2 Kxd5 61. Nd3 Nd4+ 62. Ke3 Re4+ 63. Kf2 $19) 60. Kf2 Rc3 (60... Kxd5 $2 {too greedy.} 61. Bxf5 Re5 62. Bd7 Kxc5 63. Kg3 $19) 61. Nd7+ Kf4 ({Stronger than} 61... Kxd5 62. Bxf5 Kd6 63. Bg4 $11) 62. Nf6 Rc2+ 63. Ke1 Nd6 64. Be6 Rh2 65. Ng8 Kg5 66. Ne7 Kf4 $2 (66... Ne4 $19 {White must now prevent ...h5.} 67. Nc6 Kf6) 67. Bg4 $2 {[%emt 0:00:00][%mdl 8192] [#]} (67. Ng8 $1 $11 {and White has nothing to worry.}) 67... h5 $1 68. Be6 Ne4 69. Ng6+ $2 (69. Bc8) 69... Ke3 70. Kd1 Nc5 {[%emt 0:02:00] ( -> ...Nd3)} 71. Bf7 (71. Nh4 $19) 71... Nd3 {[%emt 0:00:48] Excellently played by Kirk!   Weighted Error Value: White=0.23 (precise) /Black=0.05 (flawless)} 0-1